 Dungeon Crawl Stone Soup version 0.25-a0-302-g9f758675c1 (webtiles) character file.

Game seed: 11547604652632237578, levelgen mode: deterministic

889 Gargoyl the Skirmisher (level 7, 0/54 HPs)
             Began as a Centaur Abyssal Knight on Dec 20, 2019.
             Was a Priest of Lugonu.
             Killed by divine providence
             ... invoked by an orc priest
              (12 damage)
             ... on level 6 of the Dungeon.
             The game lasted 00:09:35 (5572 turns).

Gargoyl the Skirmisher (Centaur Abyssal Knight)     Turns: 5572, Time: 00:09:35

Health: 0/54       AC: 14    Str: 14 (15) XL:     7   Next: 77%
Magic:  10/10      EV:  5    Int: 13 (14) God:    Lugonu [***...]
Gold:   344        SH:  0    Dex: 10      Spells: 6/6 levels left

rFire    . . .     SeeInvis .   a - +2 hand axe
rCold    + . .     Gourm    +   (no shield)
rNeg     + . .     Faith    .   t - +1 chain mail {rC+}
rPois    .         Spirit   .   f - +0 helmet {Int+3}
rElec    .         Reflect  .   (no cloak)
rCorr    .         Harm     .   (no gloves)
MR       .....     Rnd*Rage +   (no barding)
Stlth    ..........             d - amulet of the gourmand
HPRegen  0.18/turn              i - +4 ring of protection
MPRegen  0.12/turn              j - ring of positive energy

@: about to teleport, very quick
A: large, hooves 3, [berserk 2], deformed body, [deterioration 1], speed 2,
[frail 1], sense surroundings 1, tough skin 3, [subdued magic 2]
a: Depart the Abyss, Bend Space, Banish, Renounce Religion


You were on level 6 of the Dungeon.
You worshipped Lugonu.
Lugonu was most pleased with you.
You were very full.

You visited 1 branch of the dungeon, and saw 6 of its levels.
You visited the Abyss 1 time.

You collected 344 gold pieces.

Inventory:

Hand Weapons
 a - a +2 hand axe (weapon)
Armour
 f - a +0 helmet of intelligence (worn)
 t - a +1 chain mail of cold resistance (worn)
Jewellery
 d - an amulet of the gourmand (around neck)
 i - a +4 ring of protection (left hand)
 j - a ring of positive energy (right hand)
Wands
 e - a wand of digging (6)
 m - a wand of iceblast (13)
 o - a wand of acid (12)
 q - a wand of flame (32)
Scrolls
 b - 3 scrolls of identify
 h - 3 scrolls of remove curse
Potions
 k - 2 potions of lignification
 l - 2 potions of might
 p - 2 potions of curing
 r - a potion of mutation
Comestibles
 c - 14 rations


   Skills:
 + Level 4.4 Fighting
 + Level 4.4 Axes
 * Level 4.0 Armour
 * Level 2.4 Dodging
 * Level 4.0 Invocations


You had 6 spell levels left.
You didn't know any spells.
Your spell library contained the following spells:

 Spells                   Type           Power        Failure   Level  Hunger
 Confusing Touch          Hex            #.....       99%         1    ##.....
 Confuse                  Hex            #.......     100%        3    ####...
 Gell's Gravitas          Tloc           #.........   100%        3    ####...
 Petrify                  Tmut/Erth      #.......     100%        4    #####..
 Metabolic Englaciation   Hex/Ice        #.........   100%        5    ######.
 Yara's Violent Unravell  Hex/Tmut       #.........   100%        5    ######.


Dungeon Overview and Level Annotations

Branches:
Dungeon (6/15)             Temple (0/1) D:5

Altars:
Dithmenos
Elyvilon
Gozag
Hepliaklqana
Makhleb
Sif Muna
Uskayaw
Vehumet
Xom
Yredelemnul
Zin
The Shining One

Shops:
D:6 !*


Innate Abilities, Weirdness & Mutations

You have hooves in place of feet.
Armour fits poorly on your strangely shaped body.
You cover ground very quickly.
You have extremely tough skin. (AC +3)
You passively map a small area around you.
[You often lose your temper in combat.]
[Your body sometimes deteriorates upon taking damage.]
[You are frail. (-10% HP)]
[Your spells are easier to cast, but less powerful.]


Message History

The orc priest shouts!
You hear a shout!
The orc priest calls down the wrath of Beogh upon you.
Beogh smites you!
* * * LOW HITPOINT WARNING * * *
Unknown command.
You feel much better.
The bullfrog hits you but does no damage.
The bullfrog barely misses you.
As you read the scroll of teleportation, it crumbles to dust.
You feel strangely unstable.
The orc priest calls down the wrath of Beogh upon you.
Beogh smites you!
* * * LOW HITPOINT WARNING * * *
The bullfrog hits you.
* * * LOW HITPOINT WARNING * * *
You open the door. The bullfrog hits you.
* * * LOW HITPOINT WARNING * * *
The orc priest mumbles some strange prayers to Beogh against you.
Beogh smites you!
You die...

,,,,* *,,,,,,,,*,,,*,,,,,*,,,*,
,,,,* *,**#....#,,,*,,,,,+,,,,,
,,,,*****,,,+....+,,,*,,,,,*+****
+****,,,**,,#....#,,**,,,,,,,,,*
,*,,,,,,,,,,#...o#+#####*+*,,,,*
,*,,,,,,**,,#....#......,,*,,,,*
,**,**,,**,,#....#......,,*,,,,*
,**,**,,**,,#....'......,,******
,,,,,,,,,,,,#...@#,,**,,,,,*
,,,,,,,,**,,#...F#****,,,,**
,,,,,,,,**,,#..J.#,,**,,,,**
,,,,,,,,,,,,#....#,,,,,,,,,*
,,,,,,...,,,+o...#>,,,,,,,,*
******#.#####....#***************
**,,**#.##....#+##****,,***,,,,..
,,,,,,+..#..5o#,,,,,,,,,,,,,,,...
,,,,,,#..#....+,,,,,,,,,,,,,*....


You could see an orc warrior, a bullfrog, an orc priest, an ooze, a shadow imp
and an orc.

Vanquished Creatures
  Duvessa (D:4)
  A sky beast (D:6)
  A bullfrog (D:6)
  2 scorpions
  Dowan (D:4)
  A crimson imp (D:5)
  A centaur zombie (D:5)
  An orc priest (D:3)
  An iguana (D:4)
  A centaur skeleton (D:5)
  3 orc wizards
  3 worker ants
  4 adders
  An ooze (D:1)
  An adder zombie (D:6)
  An adder skeleton (D:5)
  2 worms
  2 dart slugs
  6 leopard geckos
  5 orcs
  7 bats
  3 giant cockroaches
  5 goblins
  7 hobgoblins
  10 jackals
  4 kobolds
  2 quokkas (D:5)
  A ball python (D:2)
  6 frilled lizards
  A leopard gecko skeleton (D:5)
  7 rats
  A spectral orc (D:4)
  A butterfly (D:5)
94 creatures vanquished.

Vanquished Creatures (others)
  An ogre (D:6)
1 creature vanquished.

Grand Total: 95 creatures vanquished

Notes
Turn   | Place    | Note
-------+----------+-------------------------------------------
     0 | Abyss:1  | Gargoyl the Centaur Abyssal Knight began the quest for the
                  | Orb.
     0 | Abyss:1  | Reached XP level 1. HP: 19/19 MP: 2/2
    60 | Abyss:1  | Noticed a wretched star
    92 | Abyss:2  | Found a corrupted altar of Lugonu.
   130 | Abyss:3  | Noticed a wretched star
   139 | Abyss:3  | Noticed a water nymph
   139 | Abyss:3  | Noticed a dire elephant
   140 | Abyss:3  | Noticed a water elemental
   142 | Abyss:3  | Noticed a large abomination
   143 | D:1      | Escaped the Abyss
   367 | D:1      | Reached XP level 2. HP: 12/20 MP: 3/3
   732 | D:1      | Reached * piety under Lugonu
   817 | D:1      | Reached skill level 1 in Dodging
  1029 | D:1      | Reached XP level 3. HP: 24/24 MP: 4/4
  1475 | D:2      | Found an opulent altar of Gozag.
  1661 | D:2      | Reached ** piety under Lugonu
  1672 | D:2      | Found a shadowy altar of Dithmenos.
  1678 | D:2      | Reached XP level 4. HP: 31/31 MP: 5/5
  1855 | D:2      | Found a white marble altar of Elyvilon.
  2323 | D:3      | Reached XP level 5. HP: 32/41 MP: 7/7
  2910 | D:3      | Found a burning altar of Makhleb.
  2910 | D:3      | Found a glowing silver altar of Zin.
  2911 | D:3      | Noticed an angel
  2911 | D:3      | Noticed a blizzard demon
  3141 | D:4      | Found a radiant altar of Vehumet.
  3141 | D:4      | Found a shimmering blue altar of Sif Muna.
  3490 | D:4      | Found a hide-covered altar of Uskayaw.
  3491 | D:4      | Found a hazy altar of Hepliaklqana.
  3601 | D:4      | Found a glowing golden altar of the Shining One.
  4042 | D:4      | Found a basalt altar of Yredelemnul.
  4099 | D:4      | Noticed Dowan
  4124 | D:4      | Killed Dowan
  4124 | D:4      | Reached XP level 6. HP: 32/46 MP: 8/8
  4126 | D:4      | Noticed Duvessa
  4143 | D:4      | Killed Duvessa
  4310 | D:4      | Found a radiant altar of Vehumet.
  4392 | D:5      | Entered Level 5 of the Dungeon
  4434 | D:5      | Gained mutation: You passively map a small area around you.
                  | [potion of mutation]
  4481 | D:5      | Found a shimmering altar of Xom.
  4503 | D:5      | Reached XP level 7. HP: 36/53 MP: 9/9
  4791 | D:5      | Found a staircase to the Ecumenical Temple.
  4854 | D:5      | Reached *** piety under Lugonu
  5339 | D:6      | Found Capyi's General Store.
  5518 | D:6      | Found Wuhis's Distillery.
  5572 | D:6      | Killed from afar by an orc priest

Levels and vault maps discovered:
D:1:      dpeg_arrival_windows_large_door, layout_loops_cross,
          minmay_tetromino_l2
D:2:      layout_basic, elyvilon_altar_3, nicolae_dithmenos_shadow_blocks,
          grunt_gozag_statues
D:3:      layout_loops_corners, grunt_temple_overflow_order_and_chaos_2
D:4:      layout_basic, nicolae_tso_carved_into_rock,
          yredelemnul_forgotten_temple_becter,
          chequers_temple_overflow_statue_of_worship, first_ration,
          vehumet_altar_wand_db, uniq_duvessa
D:5:      layout_basic, xom_teletrap_fun, minmay_temple_entry_butterflies
D:6:      layout_gridville, portal_sewer_entry_e, serial_shops, shop, shop,
          kennysheep_mini, nicolae_shop_statue_plus

Skill      XL: |  1  2  3  4  5  6  7 |
---------------+----------------------+-----
Dodging        | 1 2 |  2.4
Axes           | 2 3 4 |  4.4
Armour         | 2 3 4 |  4.0
Invocations    | 3 4 |  4.0
Fighting       | 4 |  4.4

Action                   |  1- 3 |  4- 6 |  7- 9 || total
-------------------------+-------+-------+-------++-------
Melee: Hand axe          |   111 |   153 |    76 ||   340
       Kick              |    17 |    30 |    21 ||    68
Invok: Depart the Abyss  |     1 |       |       ||     1
       Banish            |       |       |     1 ||     1
  Use: Scroll            |     8 |     8 |     2 ||    18
       Potion            |       |     2 |     2 ||     4
  Eat: Chunk             |     4 |    10 |     8 ||    22
Armor: Leather armour    |    63 |       |       ||    63
       Chain mail        |    29 |   101 |    69 ||   199
       Skin              |       |     9 |       ||     9
Dodge: Dodged            |    67 |    25 |    31 ||   123

Table legend:
 A = Non-vault XP
 B = Vault XP
 C = Vault XP percentage of total XP
 D = Non-vault monster count
 E = Vault monster count
 F = Vault count percentage of total count
                 A         B        C        D         E       F
            +---------+---------+-------+---------+---------+-------
      Total |    1052 |     218 |  17.2 |      88 |       6 |   6.4
            +---------+---------+-------+---------+---------+-------
        D:1 |      49 |       5 |   9.3 |      24 |       2 |   7.7
        D:2 |      79 |       0 |   0.0 |      22 |       0 |   0.0
        D:3 |     104 |       0 |   0.0 |       9 |       0 |   0.0
        D:4 |     155 |     213 |  57.9 |       8 |       4 |  33.3
        D:5 |     301 |       0 |   0.0 |      19 |       0 |   0.0
        D:6 |     364 |       0 |   0.0 |       6 |       0 |   0.0
            +---------+---------+-------+---------+---------+-------
